 Dungeon Crawl Stone Soup version 0.27-a0-1431-gcffa5a9b16 (webtiles) character file.

Game seed: 13109201959093618494

186 bande the Covered (level 5, -12/33 HPs)
             Began as a Gargoyle Fighter on July 3, 2021.
             Mangled by an ogre (25 damage)
             ... on level 4 of the Dungeon.
             The game lasted 00:03:25 (3376 turns).

bande the Covered (Gargoyle Fighter)                Turns: 3376, Time: 00:03:26

Health: -12/33     AC: 11    Str: 20    XL:     5   Next: 66%
Magic:  5/5        EV:  7    Int:  8    God:
Gold:   158        SH:  9    Dex: 10    Spells: 4/4 levels left

rFire    . . .     SeeInvis .   a - +1 war axe (elec)
rCold    . . .     Faith    .   c - +0 kite shield
rNeg     + . .     Spirit   .   b - +0 scale mail
rPois    ∞         Reflect  .   (no helmet)
rElec    +         Harm     .   (no cloak)
rCorr    .         Rampage  .   (no gloves)
Will     .....                  (no boots)
Stlth    ..........             (no amulet)
HPRegen  0.11/turn              (no ring)
MPRegen  0.09/turn              (no ring)

@: no status effects
A: sickness immunity, AC +4, negative energy resistance 1, electricity
resistance, torment resistance 1, petrification resistance
a: no special abilities


You were on level 4 of the Dungeon.
You visited 1 branch of the dungeon, and saw 4 of its levels.

You collected 158 gold pieces.

Inventory:

Hand Weapons
 a - a +1 war axe of electrocution (weapon)
 i - a +0 flail
Armour
 b - a +0 scale mail (worn)
 c - a +0 kite shield (worn)
Jewellery
 f - a ring of protection from cold
Wands
 k - a wand of mindburst (11)
Scrolls
 g - a scroll of identify
Potions
 d - 3 potions of might
 e - a potion of mutation {unknown}
 h - a potion of resistance {unknown}
 j - 2 potions of flight


   Skills:
 + Level 3.7 Fighting
 + Level 3.4 Axes
 + Level 4.3 Armour
 + Level 0.9 Dodging
 + Level 4.2 Shields
 * Level 0.1 Evocations


You had 4 spell levels left.
You didn't know any spells.
Your spell library contained the following spells:

 Spells                   Type           Power      Damage    Failure   Level
 Beastly Appendage        Tmut           0%         N/A       99%         1
 Magic Dart               Conj           0%         1d3       99%         1
 Shock                    Conj/Air       0%         1d3       99%         1
 Call Imp                 Summ           0%         N/A       100%        2
 Wereblood                Tmut           0%         N/A       100%        2
 Conjure Flame            Conj/Fire      0%         6-21      100%        3
 Mephitic Cloud           Conj/Pois/Air  0%         N/A       100%        3
 Spider Form              Tmut/Pois      0%         N/A       100%        3


Dungeon Overview and Level Annotations

Branches:
Dungeon (4/15)
 Temple: D:4-7

Altars:
Nemelex Xobeh


Innate Abilities, Weirdness & Mutations

You are immune to sickness and miasma.
Your stone body is resilient. (AC +4)
You are immune to poison.
You resist negative energy. (rN+)
You are resistant to electric shocks. (rElec)
You are resistant to unholy torment.
You are immune to petrification.


Message History

You kill the adder!
No target in view!
No target in view!
No target in view!
No target in view!
No target in view!
You hear the slow rusting of a very distant drain.
You hear the rusting of a very distant drain.
You hear the rusting of a very distant drain.
HP restored.
You see here 25 stones.
Found a mace.
You see here a +0 mace.
d - 3 potions of might (gained 1)
You now have 147 gold pieces (gained 8).
You now have 158 gold pieces (gained 11).
You hear the brisk rusting of a very distant drain.
A goblin comes into view. It is wielding a +0 club.
The goblin shouts!
A goblin is nearby!
You slash the goblin! Lightning courses through the goblin!!
You kill the goblin!
No target in view!
No target in view!
No target in view!
No target in view!
Things that are here:
a +0 club; a goblin corpse
Found a stone staircase leading down.
There is a stone staircase leading down here.
You hear the brisk rusting of a very distant drain.
An ogre comes into view. It is wielding a +0 giant club.
The ogre shouts!
Found a silvery potion.
You closely miss the ogre.
The ogre hits you with a +0 giant club!!
Ouch! That really hurt!
The ogre hits you with a +0 giant club!!
Ouch! That really hurt!
You die...

#. #.# #.# #.# #.#
#######.### #.#
#....##.#.. #.#
#.##.##.#.# . #.#
#.##.##.#.# ...
##.#####.##.##.#.##.....
#........##.....@O......
#..............#..#.....
#.##############..# ...
#.# #..# . #.# #.!# #.#
#..# ..# #..# ### #... #


You could see an ogre.

Vanquished Creatures
  A scorpion (D:4)
  An orc wizard (D:3)
  3 adders
  A worm (D:3)
  2 dart slugs
  8 orcs (D:3)
  7 ball pythons
  3 bats (D:3)
  3 endoplasms
  A giant cockroach (D:2)
  5 goblins
  A hobgoblin (D:3)
  13 jackals
  3 frilled lizards
  3 kobolds
55 creatures vanquished.

Notes
Turn   | Place    | Note
-------+----------+-------------------------------------------
     0 | D:1      | bande the Gargoyle Fighter began the quest for the Orb.
     0 | D:1      | Reached XP level 1. HP: 14/14 MP: 1/1
   502 | D:1      | Reached XP level 2. HP: 19/19 MP: 2/2
  1329 | D:2      | Found a faded altar of an unknown god.
  1333 | D:2      | Reached XP level 3. HP: 22/23 MP: 3/3
  1589 | D:2      | Found a sparkling altar of Nemelex Xobeh.
  1732 | D:2      | Got the Reference Book on Conjuration
  2443 | D:3      | Reached XP level 4. HP: 23/28 MP: 4/4
  3135 | D:4      | Noticed a scorpion
  3143 | D:4      | Killed a scorpion
  3144 | D:4      | Reached XP level 5. HP: 23/33 MP: 5/5
  3372 | D:4      | Noticed an ogre
  3376 | D:4      | Mangled by an ogre

Illustrated notes

Levels and vault maps discovered:
D:1:      ncdulo_watergridlock, layout_basic, kennysheep_small_spiral
D:2:      layout_basic, hellmonk_ecumenical_altar_dog_temple, basic_altar
D:3:      layout_loops_ring, hangedman_decor_points
D:4:      layout_loops_ring, portal_sewer_entry_e, uniq_pikel,
          uniq_crazy_yiuf_cottage, uniq_duvessa

Skill      XL: |  1  2  3  4 |
---------------+-------------+-----
Axes           | 2 3 |  3.4
Armour         | 4 |  4.3
Shields        | 4 |  4.2
Fighting       | |  3.7
Dodging        | |  0.9
Evocations     | |  0.1

Action                   |  1- 3 |  4- 6 || total
-------------------------+-------+-------++-------
Melee: War axe           |    99 |    53 ||   152
  Use: Scroll            |     5 |       ||     5
       Potion            |     2 |       ||     2
Armor: Scale mail        |    53 |    30 ||    83
Dodge: Dodged            |    42 |    10 ||    52
Block: Kite shield       |    59 |    30 ||    89

Table legend: (Time is in decaauts)
 A = Elapsed time spent in this place.
 B = Non-inter-level travel time spent in this place.
 C = Inter-level travel time spent in this place.
 D = Time resting spent in this place.
 E = Time spent auto-exploring this place.
 F = Levels seen in this place.
 G = Mean time per level.
                   A        B        C        D        E       F      G
               +--------+--------+--------+--------+--------+-----+--------+
         Total |   3470 |   3419 |     51 |      0 |   2962 |   4 |  867.5 |
       Dungeon |   3470 |   3419 |     51 |      0 |   2962 |   4 |  867.5 |
               +--------+--------+--------+--------+--------+-----+--------+

Top non-repeatable levels by time:
     D:1: 1136 daAuts
     D:2: 1087 daAuts
     D:3: 925 daAuts
     D:4: 321 daAuts
